 Dungeon Sprint DCSS version 0.30.1-4-g462c640d31 (webtiles) character file.

Game seed: 16369901272043736823

1736 Heoruswealwe the Covert (level 8, -3/33 HPs)
             Began as a Spriggan Artificer on Aug 24, 2023.
             Was a Follower of Hepliaklqana.
             Slain by a deep troll (12 damage)
             ... in the Dungeon (Sprint I: "Red Sonja").
             The game lasted 00:09:34 (594 turns).

Heoruswealwe the Covert (Spriggan Artificer)         Turns: 594, Time: 00:09:35

Health: -3/33      AC:  2    Str:  8    XL:     8   Next: 76%
Magic:  23/23      EV: 22    Int: 15    God:    Hepliaklqana [*.....]
Gold:   725        SH:  0    Dex: 15    Spells: 28/28 levels left

rFire   . . .        a - +0 club
rCold   . . .        (no shield)
rNeg    . . .        n - +0 robe
rPois   .            (helmet restricted)
rElec   .            (no cloak)
rCorr   .            (gloves unavailable)
SInv    +            (boots unavailable)
Will    +....        (no amulet)
Stlth   +++++        (no ring)
HPRegen 0.25/turn    (no ring)
MPRegen 0.18/turn

%: no teleportation
@: very quick
A: reduced essence, very small, no large weapons, unfitting armour, see
invisible, speed 3
a: Renounce Religion, Recall Ancestor, Ancestor Identity


You were in the Dungeon.
You worshipped Hepliaklqana.
Hepliaklqana was aware of your devotion.
You visited 1 branch You collected 734 gold pieces.
You spent 9 gold pieces at shops.

Inventory:

Hand Weapons
 a - a +0 club (weapon)
Armour
 b - a +0 robe
 c - a +0 robe
 e - a +0 robe
 m - a +0 robe
 n - a +0 robe (worn)
 p - a +0 robe
Wands
 d - a wand of charming (13)
Scrolls
 k - a scroll of blinking
Potions
 f - 3 potions of curing
 g - a potion of heal wounds
 h - a potion of haste
 i - 2 potions of magic
 j - a potion of berserk rage
 l - a potion of attraction {unknown}


   Skills:
 - Level 0.7 Fighting
 + Level 8.8 Dodging
 * Level 13.6 Stealth
 * Level 10.5 Spellcasting
 + Level 7.3 Hexes
 + Level 8.9 Translocations
 * Level 11.4 Transmutations
 + Level 9.2 Evocations


You had 28 spell levels left.
You didn't know any spells.
Your spell library was empty.

Dungeon Overview and Level Annotations

Branches:
Dungeon (1/1)

Altars:
Cheibriados
Dithmenos
Elyvilon
Fedhas
Gozag
Hepliaklqana
Kikubaaqudgha
Makhleb
Nemelex Xobeh
Okawaru
Qazlal
Ru
Sif Muna
Trog
Uskayaw
Vehumet
Wu Jian
Xom
Yredelemnul
Zin
The Shining One
Jiyva
Lugonu

Shops:
D [!


Innate Abilities, Weirdness & Mutations

Your life essence is reduced to manifest your ancestor. (-10% HP)
You are very small and have problems with some larger weapons.
You are too small for most types of armour.
You have supernaturally acute eyesight. (SInv)
You cover ground extremely quickly. (Speed+++)


Message History

Found Ozoafidgh's Armour Boutique.
There is an entrance to Ozoafidgh's Armour Boutique here.
b - a +0 robe Thank you for shopping at Ozoafidgh's Armour Boutique!
You start removing your armour.
You continue taking off your +0 robe. x4
You finish taking off your +0 robe.
You start putting on your armour.
You continue putting on your +0 robe. x5
You finish putting on your +0 robe.
You start removing your armour.
You continue taking off your +0 robe. x4
You finish taking off your +0 robe.
You start putting on your armour.
You continue putting on your +0 robe. x5
You finish putting on your +0 robe.
You swap places.
There is an open door here.
You open the door.
A deep troll comes into view.
Found 108 gold pieces.
Aiming: Fastroot
Press: ? - help, Shift-Dir - straight line, f - deep troll
Aim: a deep troll (asleep, ally target)
The roots erupt in riotous growth!
The deep troll shouts!
Roots grab the deep troll.
The now-empty wand crumbles to dust.
The grasping roots constrict the deep troll!
The deep troll struggles to escape constriction.
The grasping roots constrict the deep troll!
The deep troll escapes!
Zhah hits the deep troll.
The deep troll bites Zhah!
The deep troll claws Zhah! x2
Zhah is destroyed!
Okay, then.
You barely miss the deep troll.
The deep troll is heavily wounded.
The deep troll bites you. The deep troll claws you. The deep troll claws you!
You hit the deep troll but do no damage.
The deep troll is heavily wounded.
The deep troll misses you. The deep troll claws you!
* * * LOW HITPOINT WARNING * * *
The deep troll claws you!
You die...

#..#####'#####'#__####...+
#).####..#...#)#### #####
#..#__####..##.#
#..#_____##'#_.+
#⌠⌠#_.∩...'..._#
####_..__##_.#'#
#_____###'#.#
############.####+###
#∩........'..@T$$.$$+
###++++####...#######
###.### #.#'#.# #.....#
#.[.).# #######


You could see a deep troll.

Vanquished Creatures
  Sonja (D)
  A kobold demonologist (D)
  A slime creature (D)
  Sigmund (D)
  A yak (D)
  A floating eye (D)
  An ogre (D)
  A jelly (D)
  Ijyb (D)
  A ballistomycete spore (D)
10 creatures vanquished.

Vanquished Creatures (collateral kills)
  A kobold demonologist (D)
1 creature vanquished.

Vanquished Creatures (others)
  An ancestor (D)
  A ballistomycete spore (D)
2 creatures vanquished.

Grand Total: 13 creatures vanquished

Notes
Turn   | Place    | Note
-------+----------+-------------------------------------------
     0 | D        | Heoruswealwe the Spriggan Artificer began the quest for the
                  | Orb.
     0 | D        | Reached XP level 1. HP: 9/9 MP: 2/2
     1 | D        | Noticed Ijyb
     8 | D        | Killed Ijyb
     9 | D        | Reached skill level 4 in Stealth
     9 | D        | Reached skill level 1 in Hexes
     9 | D        | Reached XP level 2. HP: 14/14 MP: 2/6
    13 | D        | Noticed an ogre
    23 | D        | Killed an ogre
    24 | D        | Reached skill level 6 in Stealth
    24 | D        | Reached skill level 5 in Transmutations
    24 | D        | Reached skill level 5 in Evocations
    24 | D        | Reached XP level 3. HP: 17/17 MP: 3/10
    24 | D        | Reached XP level 4. HP: 21/21 MP: 3/11
    39 | D        | Noticed Sigmund
    43 | D        | Killed Sigmund
    44 | D        | Reached skill level 5 in Dodging
    44 | D        | Reached skill level 8 in Stealth
    44 | D        | Reached skill level 5 in Translocations
    44 | D        | Reached XP level 5. HP: 25/25 MP: 4/14
    69 | D        | Found an ornate altar of the Wu Jian Council.
    69 | D        | Found a shimmering blue altar of Sif Muna.
    73 | D        | Reached skill level 9 in Stealth
    73 | D        | Reached XP level 6. HP: 29/29 MP: 8/16
    73 | D        | Found a radiant altar of Vehumet.
   111 | D        | Found Ivulet's Distillery.
   111 | D        | Found an ancient bone altar of Kikubaaqudgha.
   111 | D        | Found a hazy altar of Hepliaklqana.
   111 | D        | Found a stormy altar of Qazlal.
   111 | D        | Found a hide-covered altar of Uskayaw.
   111 | D        | Found a blossoming altar of Fedhas.
   111 | D        | Found a bloodstained altar of Trog.
   111 | D        | Found an iron altar of Okawaru.
   111 | D        | Found a basalt altar of Yredelemnul.
   111 | D        | Found a glowing golden altar of the Shining One.
   111 | D        | Found a snail-covered altar of Cheibriados.
   111 | D        | Found a sacrificial altar of Ru.
   111 | D        | Found a glowing silver altar of Zin.
   111 | D        | Found a shadowy altar of Dithmenos.
   111 | D        | Found a white marble altar of Elyvilon.
   111 | D        | Noticed a yak
   119 | D        | Killed a yak
   120 | D        | Reached skill level 10 in Stealth
   120 | D        | Reached skill level 5 in Hexes
   123 | D        | Found an opulent altar of Gozag.
   124 | D        | Found a sparkling altar of Nemelex Xobeh.
   130 | D        | Became a worshipper of Hepliaklqana the Forgotten
   145 | D        | Found a burning altar of Makhleb.
   145 | D        | Found a viscous altar of Jiyva.
   145 | D        | Found a shimmering altar of Xom.
   145 | D        | Found a corrupted altar of Lugonu.
   145 | D        | Noticed a slime creature
   163 | D        | Killed a slime creature
   164 | D        | Reached XP level 7. HP: 12/32 MP: 17/19
   251 | D        | Noticed a kobold demonologist
   252 | D        | Noticed a kobold demonologist
   254 | D        | Reached skill level 11 in Stealth
   254 | D        | Killed a kobold demonologist
   255 | D        | Reached skill level 12 in Stealth
   255 | D        | Reached skill level 10 in Transmutations
   261 | D        | Killed a kobold demonologist
   262 | D        | Reached XP level 8. HP: 25/37 MP: 20/22
   331 | D        | Noticed Sonja
   339 | D        | Killed Sonja
   340 | D        | Reached skill level 13 in Stealth
   340 | D        | Reached skill level 10 in Spellcasting
   485 | D        | Reached * piety under Hepliaklqana
   543 | D        | Found Ozoafidgh's Armour Boutique.
   551 | D        | Bought a +0 robe for 9 gold pieces
   587 | D        | Noticed a deep troll
   594 | D        | Slain by a deep troll

Illustrated notes

Levels and vault maps discovered:
D:        dungeon_sprint_1 [red_sonja_temple_1, red_sonja_temple_small_1]

Skill      XL: |  1  2  3  4  5  6  7  8 |
---------------+-------------------------+-----
Stealth        | 4 6 8 9 10 12 13 | 13.6
Spellcasting   | 2 4 6 8 9 10 | 10.5
Hexes          | 1 3 4 5 6 7 |  7.3
Translocations | 2 3 5 6 8 |  8.9
Transmutations | 3 5 7 8 10 11 | 11.4
Dodging        | 4 5 6 7 8 |  8.8
Evocations     | 5 6 7 8 9 |  9.2
Fighting       | |  0.7

Action                     |  1- 3 |  4- 6 |  7- 9 || total
---------------------------+-------+-------+-------++-------
  Melee: Club              |       |       |     9 ||     9
 Invoke: Ancestor Identity |       |       |     1 ||     1
  Evoke: Wand              |    11 |    17 |    11 ||    39
  Dodge: Dodged            |     5 |       |     6 ||    11
